 Dungeon Crawl Stone Soup version 0.31-a0-654-gbe3e110b4e (webtiles) character file.

Game seed: 6457635101283627179

2973 LobsterGuardian the Frost Mage (level 9, -5/66 (73) HPs)
             Began as a Naga Ice Elementalist on Aug 29, 2023.
             Was a Follower of Cheibriados.
             Slain by a wight
             ... wielding a +4 dire flail
              (16 damage)
             ... on level 7 of the Dungeon on Aug 30, 2023.
             The game lasted 00:27:52 (7375 turns).

LobsterGuardian the Frost Mage (NaIE)               Turns: 7375, Time: 00:27:52

HP:   -5/66 (73)    AC:  9    Str: 13    XL:     9   Next: 82%
MP:   12/19         EV:  9    Int: 24    God:    Cheibriados [*.....]
Gold: 426           SH:  4    Dex: 14    Spells: 5/21 levels left

rFire   . . .        s - +0 spear (venom)
rCold   + . .        c - +0 buckler
rNeg    . . .        y - +1 leather armour {rC+}
rPois   +            (no helmet)
rElec   .            r - +0 cloak
rCorr   .            i - +1 pair of gloves
SInv    +            (no barding)
Will    +....        (no amulet)
Stlth   +++          (no ring)
HPRegen 0.31/turn    (no ring)
MPRegen 0.16/turn

%: no passive effects
@: mighty, about to teleport, drained, very slow
A: AC +3, large, see invisible, deformed body, poison resistance, slowness 2,
spit poison 1, naga tail 1
a: Spit Poison, Renounce Religion, Bend Time


You were on level 7 of the Dungeon.
You worshipped Cheibriados.
Cheibriados was aware of your devotion.
You visited 1 branch of the dungeon, and saw 7 of its levels.

You collected 426 gold pieces.

Inventory:

Hand Weapons
 s - a +0 spear of venom (weapon)
Missiles
 p - a throwing net
Armour
 c - a +0 buckler (worn)
 i - a +1 pair of gloves (worn)
 r - a +0 cloak (worn)
 y - a +1 leather armour of cold resistance (worn)
Wands
 v - a wand of acid (13)
 x - a wand of iceblast (11)
Scrolls
 d - 3 scrolls of poison
 e - a scroll of enchant weapon
 g - a scroll of vulnerability {unknown}
 h - 2 scrolls of revelation {unknown}
 j - a scroll of butterflies {unknown}
 l - a scroll of teleportation
 m - a scroll of silence {unknown}
 o - a scroll of noise {unknown}
 t - 3 scrolls of torment {unknown}
 u - a scroll of acquirement {unknown}
 z - a scroll of immolation {unknown}
Potions
 b - a potion of magic
 f - 3 potions of enlightenment
 k - 2 potions of lignification
 n - a potion of berserk rage
 q - a potion of attraction {unknown}


   Skills:
 + Level 2.2 Fighting
 + Level 2.1 Polearms
 + Level 3.3 Armour
 + Level 3.0 Dodging
 - Level 5.0 Stealth
 + Level 0.6 Shields
 + Level 6.7 Spellcasting
 + Level 1.1 Summonings
 - Level 3.0 Transmutations
 + Level 8.2 Ice Magic
 * Level 4.8 Poison Magic


You had 5 spell levels left.
You knew the following spells:

 Your Spells              Type           Power      Damage    Failure   Level
a - Freeze                Ice            100%       1d10      1%          1
b - Sting                 Tmut/Pois      100%       1d8       2%          1
c - Frozen Ramparts       Ice            94%        1d15      1%          3
d - Ozocubu's Armour      Ice            47%        N/A       1%          3
e - Summon Ice Beast      Ice/Summ       30%        N/A       19%         4
f - Olgreb's Toxic Radia  Pois           31%        N/A       19%         4

Your spell library contained the following spells:

 Spells                   Type           Power      Damage    Failure   Level
 Wereblood                Tmut           22%        N/A       6%          2
 Poisonous Vapours        Pois/Air       38%        N/A       8%          2
 Irradiate                Conj/Tmut      7%         3d14      89%         5


Dungeon Overview and Level Annotations

Branches:
Dungeon (7/15)             Temple (0/1) D:6

Altars:
Cheibriados
Kikubaaqudgha
Nemelex Xobeh
Uskayaw
Zin
The Shining One

Shops:
D:6 *

Annotations:
D:6 3 runed translucent doors, rvierbuc's ghost, novice DsFi


Innate Abilities, Weirdness & Mutations

Your serpentine skin is tough. (AC +3)
You have supernaturally acute eyesight. (SInv)
Armour fits poorly on your strangely shaped body.
Your system is resistant to poisons. (rPois)
You cover ground very slowly.
You can spit poison.
You have a snake-like lower body.


Message History

You puncture the wight!
The wight is heavily damaged.
The wight hits you with a +4 dire flail!
* * * LOW HITPOINT WARNING * * *
You feel drained.
* * * LOW HITPOINT WARNING * * *
Unknown command.
You closely miss the wight.
The wight is heavily damaged.
The wight hits you with a +4 dire flail.
* * * LOW HITPOINT WARNING * * *
You feel drained.
* * * LOW HITPOINT WARNING * * *
Your ice beast hits the wight but does no damage.
The flow of time bends around you.
Your ice beast resists with some effort.
Cheibriados rebukes the wight.
The wight seems to slow down.
The wight hits you with a +4 dire flail!
* * * LOW HITPOINT WARNING * * *
Your ice beast hits the wight but does no damage.
You feel better.
Your ice beast closely misses the wight.
The wight barely misses you.
You feel better.
Your ice beast hits the wight but does no damage.
You closely miss the wight.
The wight is heavily damaged.
Your ice beast closely misses the wight.
The wight hits you with a +4 dire flail!
* * * LOW HITPOINT WARNING * * *
Unknown command.
As you read the scroll of teleportation, it crumbles to dust.
You feel strangely unstable.
Your ice beast misses the wight.
Unknown command.
Okay, then.
You closely miss the wight.
The wight is heavily damaged.
The wight hits you with a +4 dire flail!
You die...

## #.......## #......
#........# #......
#.....#..## #......
##........# #.....(
#........### #......
###..........###......
###.........#...........
#........#########......
.......@>...# ###.###
......Yz......# #..#
...............# #..#
...............# ##.##
...............# #..#
...............# ##.#
..............## #.#
..........<..## ### #..
##.####.


You could see a wight (slow, ally target) and a friendly ice beast (summoned).

Vanquished Creatures
  Joseph (D:7)
  Eustachio (D:5)
  Duvessa (D:7)
  An orc warrior (D:7)
  4 black bears
  An ice beast (D:6)
  3 ogres
  2 bullfrogs
  5 scorpions
  Dowan (D:7)
  5 killer bees (D:5)
  2 jellies
  An orc priest (D:5)
  A gnoll bouda (D:7)
  A hound (D:5)
  2 iguanas (D:5)
  An orc wizard (D:7)
  Ijyb (D:5)
  A mummy (D:5)
  4 gnolls (D:7)
  10 adders
  A shadow imp (D:6)
  A white imp (D:7)
  2 worms (D:3)
  2 dart slugs
  10 orcs
  8 bats
  3 endoplasms
  2 giant cockroaches (D:4)
  10 goblins
  5 hobgoblins
  9 kobolds
  A quokka (D:4)
  3 ball pythons (D:1)
  A frilled lizard (D:1)
  7 rats
114 creatures vanquished.

Vanquished Creatures (collateral kills)
  Menkaure (D:7)
  An ice beast (D:7)
  A centaur (D:7)
  A phantom (D:7)
  A wight (D:7)
5 creatures vanquished.

Grand Total: 119 creatures vanquished

Notes
Turn   | Place    | Note
-------+----------+-------------------------------------------
     0 | D:1      | LobsterGuardian the Naga Ice Elementalist began the quest
                  | for the Orb.
     0 | D:1      | Reached XP level 1. HP: 15/15 MP: 3/3
   306 | D:1      | Found a faded altar of an unknown god.
   325 | D:1      | Reached XP level 2. HP: 22/22 MP: 5/5
   502 | D:1      | Learned a level 1 spell: Sting
   978 | D:2      | Reached XP level 3. HP: 22/28 MP: 4/6
   982 | D:2      | Learned a level 3 spell: Frozen Ramparts
  1014 | D:2      | Found a glowing golden altar of the Shining One.
  1879 | D:3      | Reached skill level 5 in Ice Magic
  1904 | D:3      | Reached XP level 4. HP: 20/36 MP: 1/7
  2356 | D:3      | Found a hide-covered altar of Uskayaw.
  2445 | D:3      | You fall into a shaft and drop 1 floor!
  2457 | D:4      | Noticed a black bear
  3131 | D:4      | Killed a black bear
  3132 | D:4      | Reached skill level 1 in Armour
  3132 | D:4      | Reached XP level 5. HP: 7/43 MP: 0/9
  3557 | D:4      | Reached XP level 6. HP: 47/50 MP: 5/10
  3878 | D:5      | Entered Level 5 of the Dungeon
  3898 | D:5      | Reached skill level 1 in Poison Magic
  3902 | D:5      | Learned a level 3 spell: Ozocubu's Armour
  3930 | D:5      | Reached skill level 1 in Fighting
  3933 | D:5      | Reached XP level 7. HP: 24/58 MP: 0/11
  4087 | D:5      | Noticed Eustachio
  4151 | D:5      | Reached skill level 1 in Transmutations
  4246 | D:5      | Reached skill level 6 in Ice Magic
  4400 | D:5      | Identified the +6 dagger of Fiab {freeze, rF+ Dex+3}
  4411 | D:5      | Killed Eustachio
  4412 | D:5      | Reached skill level 1 in Polearms
  4412 | D:5      | Reached XP level 8. HP: 48/67 MP: 4/14
  4796 | D:5      | Found a snail-covered altar of Cheibriados.
  4812 | D:5      | Became a worshipper of Cheibriados the Contemplative
  4910 | D:5      | Noticed Ijyb
  4914 | D:5      | Found a glowing silver altar of Zin.
  4914 | D:5      | Found an ancient bone altar of Kikubaaqudgha.
  4914 | D:5      | Found a sparkling altar of Nemelex Xobeh.
  4919 | D:5      | Killed Ijyb
  4940 | D:5      | Learned a level 4 spell: Summon Ice Beast
  5277 | D:6      | Reached skill level 5 in Spellcasting
  5585 | D:6      | Reached skill level 7 in Ice Magic
  5653 | D:6      | Noticed rvierbuc's ghost (novice DsFi)
  5715 | D:6      | Found a runed translucent gate.
  5716 | D:6      | Found a runed translucent gate.
  5717 | D:6      | Found a runed translucent gate.
  5739 | D:6      | Reached skill level 5 in Stealth
  5750 | D:6      | Reached XP level 9. HP: 73/73 MP: 10/17
  5925 | D:6      | Found Okepes's Assorted Antiques.
  5955 | D:6      | Found a staircase to the Ecumenical Temple.
  6310 | D:7      | Reached * piety under Cheibriados
  6418 | D:7      | Noticed Menkaure
  6427 | D:7      | Killed Menkaure
  6537 | D:7      | Learned a level 4 spell: Olgreb's Toxic Radiance
  6613 | D:7      | Noticed Duvessa
  6615 | D:7      | Noticed Dowan
  6622 | D:7      | Killed Duvessa
  6624 | D:7      | Killed Dowan
  6625 | D:7      | Reached skill level 1 in Summonings
  6807 | D:7      | Reached skill level 8 in Ice Magic
  7084 | D:7      | Noticed Joseph
  7094 | D:7      | Killed Joseph
  7370 | D:7      | HP: 3/66 [wight/+4 dire flail (13)]
  7375 | D:7      | Slain by a wight

Illustrated notes

Levels and vault maps discovered:
D:1:      minmay_arrival_five_plusses, layout_basic,
          chequers_ecumenical_altar_island
D:2:      layout_basic, basic_altar, minmay_misc_feat_roman
D:3:      layout_basic, mainiacjoe_overflow_catwalk
D:4:      layout_rooms
D:5:      layout_cave_pools, gammafunk_temple_overflow_forgotten, slow_altar_2,
          hangedman_decor_peaks_small, uniq_eustachio, uniq_ijyb
D:6:      layout_rooms, minmay_temple_entry_nine_rooms, gammafunk_ghost_icy,
          nicolae_take_the_stairs, amcnicky_mini_corridor_feature
D:7:      layout_cave_pods, uniq_duvessa, uniq_menkaure, uniq_joseph

Skill      XL: |  1  2  3  4  5  6  7  8  9 |
---------------+----------------------------+-----
Ice Magic      | 5 6 7 8 |  8.2
Stealth        | 4 5 |  5.0
Armour         | 1 2 3 |  3.3
Spellcasting   | 3 4 5 6 |  6.7
Dodging        | 2 3 |  3.0
Poison Magic   | 1 2 4 |  4.8
Fighting       | 1 2 |  2.2
Transmutations | 1 2 3 |  3.0
Polearms       | 1 2 |  2.1
Summonings     | 1 |  1.1
Shields        | |  0.6

Action                     |  1- 3 |  4- 6 |  7- 9 || total
---------------------------+-------+-------+-------++-------
  Melee: Unarmed           |    27 |    30 |       ||    57
         Spear             |       |    23 |   119 ||   142
   Cast: Freeze            |    18 |    19 |    43 ||    80
         Sting             |     4 |    11 |    59 ||    74
         Frozen Ramparts   |       |     4 |    11 ||    15
         Ozocubu's Armour  |       |       |    10 ||    10
         Summon Ice Beast  |       |       |     5 ||     5
         Olgreb's Toxic Ra |       |       |     3 ||     3
 Invoke: Bend Time         |       |       |     2 ||     2
Ability: Spit Poison       |    26 |    26 |    22 ||    74
    Use: Scroll            |     3 |     1 |     6 ||    10
         Potion            |       |     1 |     4 ||     5
   Stab: Sleeping          |     3 |     2 |     4 ||     9
         Distracted        |       |       |     1 ||     1
 Armour: Robe              |     2 |       |       ||     2
         Leather armour    |     3 |    21 |    87 ||   111
  Dodge: Dodged            |    21 |    38 |    91 ||   150
  Block: Buckler           |    10 |    11 |    30 ||    51

Table legend: (Time is in decaauts)
 A = Elapsed time spent in this place.
 B = Non-inter-level travel time spent in this place.
 C = Inter-level travel time spent in this place.
 D = Time resting spent in this place.
 E = Time spent auto-exploring this place.
 F = Levels seen in this place.
 G = Mean time per level.
                   A        B        C        D        E       F      G
               +--------+--------+--------+--------+--------+-----+--------+
         Total |   9614 |   9162 |    452 |    205 |   7718 |   7 | 1373.4 |
       Dungeon |   9614 |   9162 |    452 |    205 |   7718 |   7 | 1373.4 |
               +--------+--------+--------+--------+--------+-----+--------+

Top non-repeatable levels by time:
     D:3: 1702 daAuts
     D:5: 1641 daAuts
     D:7: 1599 daAuts
     D:6: 1333 daAuts
     D:1: 1266 daAuts
     D:2: 1194 daAuts
     D:4: 876 daAuts
